 Dungeon Crawl Stone Soup version 0.29.0-4-gdea44cf6ec (webtiles) character file.

Game seed: 17687338788771241907

58 qw the Chopper (level 4, 0/26 HPs)
             Began as a Tengu Warper on Aug 28, 2022.
             Slain by an orc
             ... wielding a +0 club
              (2 damage)
             ... on level 3 of the Dungeon.
             The game lasted 00:00:11 (2126 turns).

qw the Chopper (Tengu Warper)                       Turns: 2126, Time: 00:00:12

Health: 0/26       AC: 10    Str: 14    XL:     4   Next: 1%
Magic:  8/8        EV:  4    Int: 13    God:
Gold:   50         SH:  0    Dex: 13    Spells: 7/7 levels left

rFire   . . .      SeeInvis .   Y - +0 hand axe
rCold   . . .      Faith    .   (no shield)
rNeg    . . .      Spirit   .   b - +0 plate armour
rPois   .          Reflect  .   (helmet restricted)
rElec   .          Harm     .   (no cloak)
rCorr   .          Rampage  .   (no gloves)
Will    .....                   (boots unavailable)
Stlth   ..........              (no amulet)
HPRegen 0.08/turn               (no ring)
MPRegen 0.11/turn               (no ring)

@: confused
A: beak, talons 3
a: no special abilities


You were on level 3 of the Dungeon.
You visited 1 branch of the dungeon, and saw 3 of its levels.

You collected 50 gold pieces.


Innate Abilities, Weirdness & Mutations

You have a beak for a mouth.
You have claws for feet.


   Skills:
 - Level 2.0 Fighting
 - Level 4.5 Axes
 - Level 1.0 Throwing
 + Level 1.3 Armour
 - Level 2.1 Dodging
 - Level 2.0 Spellcasting
 - Level 2.4 Translocations


You had 7 spell levels left.
You didn't know any spells.
Your spell library contained the following spells:

 Spells                   Type           Power      Damage    Failure   Level
 Blink                    Tloc           14%        N/A       100%        2
 Gell's Gravitas          Tloc           7%         N/A       100%        3
 Lesser Beckoning         Tloc           7%         N/A       100%        3
 Teleport Other           Tloc           7%         N/A       100%        3
 Manifold Assault         Tloc           7%         N/A       100%        5

Inventory:

Hand Weapons
 f - a +0 whip
 Y - a +0 hand axe (weapon)
Armour
 b - a +0 plate armour (worn)
Potions
 d - a potion of lignification {unknown}

Dungeon Overview and Level Annotations

Branches:
Dungeon (3/15)

Altars:
Dithmenos


Message History

You barely miss something. Your peck misses something.
Something hits you but does no damage.
You barely miss something. Your kick misses something.
Your peck misses something. Something hits you but does no damage.
You closely miss something. Your kick misses something. Something hits you.
You miss something. You claw something. Something hits you but does no damage.
You miss something. Your peck misses something.
Something hits you but does no damage.
An orc comes into view. It is wielding a +0 club.
Something hits you but does no damage.
2115 ||| FLEEEEING.
Something hits you but does no damage.
2116 ||| FLEEEEING.
Something hits you but does no damage.
You hear some strange, mumbled words.
You are confused.
You're too confused to attack without stumbling around!
You start resting.
You hear some strange, mumbled words.
A puff of flame appears from out of thin air!
The puff of flame hits you but does no damage.
You're too confused to attack without stumbling around!
There is a strange disturbance nearby!
You hear some strange, mumbled words.
You are more confused.
Something hits you but does no damage.
You're too confused to attack without stumbling around!
There is a strange disturbance nearby!
An orc comes into view. It is wielding a +0 flail.
You bump into the rock wall.
Something hits you but does no damage. The orc hits you with a +0 club.
You bump into the rock wall.
Something hits you but does no damage. The orc hits you with a +0 club.
You closely miss the orc. Your kick misses the orc. You miss something.
You hear some strange, mumbled words.
A puff of flame appears from out of thin air!
The puff of flame hits you. The orc hits you with a +0 club.
You die...

###.### ###.# ...#
#.########....# #...#
#>#...........# #¤...¤
#.#.###.#..##.##.¤...¤
#.#.###.#..##.#.¤¤¤..¤¤¤
#.#.##.....##...¤¤...¤¤¤.
#.......#.###......_.¤...
###.###.#.###{o¤....o..
#..........@#¤¤¤¤..¤.¤
##############¤¤¤...¤
##¤¤(.¤ ##)..# ..o.#
.##.# .. ... ## ###


You could see an orc.

Vanquished Creatures
  3 worms (D:2)
  An orc (D:3)
  6 bats
  3 endoplasms
  3 giant cockroaches
  5 goblins
  5 hobgoblins
  4 kobolds
  8 ball pythons
  4 frilled lizards (D:1)
  A rat (D:1)
43 creatures vanquished.

Notes
Turn   | Place    | Note
-------+----------+-------------------------------------------
     0 | D:1      | qw the Tengu Warper began the quest for the Orb.
     0 | D:1      | Reached XP level 1. HP: 12/12 MP: 4/4
     0 | D:1      | 0 ||| qw: Version: 0.1-a-89-g26bdef1
     0 | D:1      | 0 ||| qw: Game counter: 116
     0 | D:1      | 0 ||| qw: Always use a shield: true
     0 | D:1      | 0 ||| qw: God list: Okawaru
     0 | D:1      | 0 ||| qw: Allow faded altars: false
     0 | D:1      | 0 ||| qw: Do Orc after D:15 true
     0 | D:1      | 0 ||| qw: Do second Lair branch before Depths: true
     0 | D:1      | 0 ||| qw: Lair rune preference: random
     0 | D:1      | 0 ||| qw: Plans: Normal
     0 | D:1      | 0 ||| PLANNING D:1-11
    62 | D:1      | Reached XP level 2. HP: 17/17 MP: 6/6
    64 | D:1      | Found a faded altar of an unknown god.
    71 | D:1      | 71 ||| Stepping ~*~*~tactically~*~*~ (stealth).
    72 | D:1      | 72 ||| Stepping ~*~*~tactically~*~*~ (stealth).
    78 | D:1      | Reached skill level 3 in Axes
   161 | D:1      | 161 ||| DROPPING +0 club.
   190 | D:1      | HP: 4/17 [ball python (1)]
   514 | D:1      | 514 ||| Stepping ~*~*~tactically~*~*~ (stealth).
   763 | D:1      | Reached XP level 3. HP: 21/21 MP: 7/7
  1060 | D:1      | 1060 ||| UPGRADING to +0 scale mail.
  1070 | D:1      | 1070 ||| DROPPING +0 leather armour.
  1071 | D:1      | 1071 ||| READING scroll labelled JANEXZEUGH.
  1074 | D:1      | 1074 ||| READING scroll labelled XOC PIANEGHU.
  1075 | D:1      | 1075 ||| DROPPING scroll of blinking.
  1137 | D:2      | Reached skill level 4 in Axes
  1484 | D:2      | 1484 ||| Stepping ~*~*~tactically~*~*~ (stealth).
  1485 | D:2      | 1485 ||| Stepping ~*~*~tactically~*~*~ (stealth).
  1487 | D:2      | 1487 ||| Stepping ~*~*~tactically~*~*~ (stealth).
  1488 | D:2      | 1488 ||| Stepping ~*~*~tactically~*~*~ (stealth).
  1996 | D:2      | 1996 ||| UPGRADING to +0 plate armour.
  2006 | D:2      | 2006 ||| DROPPING +0 scale mail.
  2007 | D:2      | 2007 ||| READING scroll labelled NESTIR CEUSORPH.
  2096 | D:3      | Found a shadowy altar of Dithmenos.
  2100 | D:3      | 2100 ||| Stepping ~*~*~tactically~*~*~ (stealth).
  2109 | D:3      | Reached XP level 4. HP: 18/26 MP: 8/8
  2115 | D:3      | 2115 ||| FLEEEEING.
  2116 | D:3      | 2116 ||| FLEEEEING.
  2126 | D:3      | HP: 2/26 [something/puff of flame (5)]
  2126 | D:3      | Slain by an orc

Levels and vault maps discovered:
D:1:      wander_arrival_peaceful_grave, layout_rooms, serial_rivers,
          chequers_serial_rivers_micro_e, chequers_serial_rivers_room_a,
          chequers_serial_rivers_small_3, chequers_serial_rivers_marsh,
          chequers_serial_rivers_large_a, shapermc_ecumenical_altar_venn,
          minmay_octomino_j4
D:2:      layout_loops_ring
D:3:      layout_loops_cross, nicolae_dithmenos_the_darkroom, serial_shops,
          nicolae_shop_advertising_works [nicolae_subvault_shop_adworks]

Skill      XL: |  1  2  3 |
---------------+----------+-----
Axes           | 3 4 |  4.5
Fighting       | |  2.0
Throwing       | |  1.0
Armour         | |  1.3
Dodging        | |  2.1
Spellcasting   | |  2.0
Translocations | |  2.4

Action                   |  1- 3 |  4- 6 || total
-------------------------+-------+-------++-------
Melee: Hand axe          |   103 |     7 ||   110
       Peck              |    17 |       ||    17
       Kick              |    29 |     1 ||    30
       Punch             |     1 |       ||     1
Throw: Boomerang         |     7 |       ||     7
  Use: Scroll            |     3 |       ||     3
 Stab: Sleeping          |     1 |       ||     1
Armor: Leather armour    |    18 |       ||    18
       Scale mail        |    13 |       ||    13
       Plate armour      |     5 |    11 ||    16
Dodge: Dodged            |    39 |       ||    39

Table legend:
 A = Non-vault XP
 B = Vault XP
 C = Vault XP percentage of total XP
 D = Non-vault monster count
 E = Vault monster count
 F = Vault count percentage of total count
                 A         B        C        D         E       F
            +---------+---------+-------+---------+---------+-------
      Total |      80 |       3 |   3.6 |      41 |       2 |   4.7
            +---------+---------+-------+---------+---------+-------
        D:1 |      36 |       3 |   7.7 |      22 |       2 |   8.3
        D:2 |      39 |       0 |   0.0 |      17 |       0 |   0.0
        D:3 |       5 |       0 |   0.0 |       2 |       0 |   0.0
            +---------+---------+-------+---------+---------+-------
